 Dungeon Crawl Stone Soup version 0.25-a0-479-g8579842fd4 (webtiles) character file.

Game seed: 11736675544822839317, levelgen mode: deterministic

204 Alarak the Chopper (level 5, -2/45 HPs)
             Began as a Hill Orc Fighter on Feb 9, 2020.
             Killed by nerve-wracking pain
             ... invoked by an orc priest
              (12 damage)
             ... on level 3 of the Dungeon.
             The game lasted 00:07:40 (2586 turns).

Alarak the Chopper (Hill Orc Fighter)               Turns: 2586, Time: 00:07:41

Health: -2/45      AC:  6    Str: 20    XL:     5   Next: 82%
Magic:  5/5        EV:  9    Int:  8    God:
Gold:   175        SH:  0    Dex: 10    Spells: 4/4 levels left

rFire    . . .     SeeInvis .   a - +0 war axe
rCold    . . .     Gourm    .   (no shield)
rNeg     . . .     Faith    .   b - +0 scale mail
rPois    .         Spirit   .   (no helmet)
rElec    .         Reflect  .   (no cloak)
rCorr    .         Harm     .   (no gloves)
MR       .....                  (no boots)
Stlth    ..........             (no amulet)
HPRegen  0.15/turn              (no ring)
MPRegen  0.09/turn              (no ring)

@: no status effects
A: no striking features
a: Convert to Beogh


You were on level 3 of the Dungeon.
You were hungry.

You visited 1 branch of the dungeon, and saw 3 of its levels.

You collected 175 gold pieces.

Inventory:

Hand Weapons
 a - a +0 war axe (weapon)
 n - a +0 vorpal quarterstaff
Armour
 b - a +0 scale mail (worn)
 c - a +0 shield
Jewellery
 m - an uncursed ring of ice {unknown}
Scrolls
 g - a scroll of noise {unknown}
 i - a scroll of identify {unknown}
 j - 3 scrolls of teleportation {unknown}
 p - a scroll of enchant weapon {unknown}
Potions
 d - 2 potions of might
 e - a potion of agility {unknown}
 h - a potion of lignification {unknown}
 k - a potion of haste {unknown}
 l - 2 potions of brilliance {unknown}
Comestibles
 f - 3 rations


   Skills:
 - Level 3.6 Fighting
 + Level 7.7 Axes
 - Level 3.2 Armour
 - Level 3.2 Shields


You had 4 spell levels left.
You didn't know any spells.
Your spell library contained the following spells:

 Spells                   Type           Power        Failure   Level  Hunger
 Magic Dart               Conj           #...         77%         1    ##.....
 Blink                    Tloc           N/A          88%         2    ###....
 Call Imp                 Summ           #.......     88%         2    ###....
 Slow                     Hex            #.......     88%         2    ###....
 Conjure Flame            Conj/Fire      #.......     98%         3    ####...
 Mephitic Cloud           Conj/Pois/Air  #.......     98%         3    ####...


Dungeon Overview and Level Annotations

Branches:
Dungeon (3/15)

Altars:


Message History

You slash the orc!
You kill the orc!
You slash the orc priest!
The orc priest shouts, "Surrender to Beogh and we'll let you live!"
The orc priest is heavily wounded.
The orc priest misses you.
You closely miss the orc priest.
The orc priest is heavily wounded.
The orc priest hits you.
You hit the orc priest.
The orc priest is almost dead.
The orc priest calls down the wrath of Beogh upon you.
Pain shoots through your body!
* * * LOW HITPOINT WARNING * * *
The orc priest hits you but does no damage.
You closely miss the orc priest.
The orc priest is almost dead.
The orc priest invokes the aid of Beogh against you.
Pain shoots through your body!
You die...

##............#
###....
#............#
#......
#............#
#......
#............#
#......
#............#
#......
#............#
#...###
######.#######
#...# # # #.#
#...#
#...#######@#
#...#
..........o†#
#...#
..###########
#...# #...#
#...# #####


You could see an orc priest.

Vanquished Creatures
  A hound (D:3)
  Natasha (twice) (D:3)
  4 adders (D:2)
  An ooze (D:3)
  2 worms (D:3)
  2 dart slugs
  2 leopard geckos
  5 orcs
  3 ball pythons
  2 giant cockroaches
  10 goblins
  10 hobgoblins
  3 jackals (D:3)
  A quokka (D:3)
  10 bats
  5 frilled lizards
  7 kobolds
  3 rats
73 creatures vanquished.

Notes
Turn   | Place    | Note
-------+----------+-------------------------------------------
     0 | D:1      | Alarak the Hill Orc Fighter began the quest for the Orb.
     0 | D:1      | Reached XP level 1. HP: 19/19 MP: 1/1
    24 | D:1      | Reached skill level 3 in Axes
   324 | D:1      | Reached XP level 2. HP: 25/26 MP: 2/2
   341 | D:1      | Reached skill level 4 in Axes
   417 | D:1      | You fall into a shaft and drop 1 floor!
   450 | D:2      | Reached XP level 3. HP: 31/31 MP: 3/3
   472 | D:2      | Reached skill level 5 in Axes
   715 | D:2      | Found a faded altar of an unknown god.
   854 | D:1      | Reached XP level 4. HP: 39/39 MP: 4/4
  1369 | D:2      | Reached skill level 6 in Axes
  1833 | D:3      | Noticed Natasha
  1838 | D:3      | Killed Natasha
  1854 | D:3      | Reached XP level 5. HP: 20/45 MP: 5/5
  2302 | D:3      | Noticed Natasha
  2315 | D:3      | Killed Natasha
  2315 | D:3      | Reached skill level 7 in Axes
  2586 | D:3      | Killed from afar by an orc priest

Levels and vault maps discovered:
D:1:      tarquinn_simple_flora_water_b, layout_rooms
D:2:      layout_loops_corners, chequers_ecumenical_altar_simple_redux
D:3:      layout_basic, gup_sewer_entry_bowl, minmay_tree_intersection,
          uniq_natasha, uniq_sigmund

Skill      XL: |  1  2  3  4  5 |
---------------+----------------+-----
Axes           | 3 4 5 6 7 |  7.7
Fighting       | |  3.6
Armour         | |  3.2
Shields        | |  3.2

Action                   |  1- 3 |  4- 6 || total
-------------------------+-------+-------++-------
Melee: War axe           |    71 |   122 ||   193
  Eat: Chunk             |       |     5 ||     5
Armor: Scale mail        |    53 |    63 ||   116
Dodge: Dodged            |    53 |    75 ||   128

Table legend:
 A = Non-vault XP
 B = Vault XP
 C = Vault XP percentage of total XP
 D = Non-vault monster count
 E = Vault monster count
 F = Vault count percentage of total count
                 A         B        C        D         E       F
            +---------+---------+-------+---------+---------+-------
      Total |     257 |      35 |  12.0 |      72 |       1 |   1.4
            +---------+---------+-------+---------+---------+-------
        D:1 |      40 |       0 |   0.0 |      28 |       0 |   0.0
        D:2 |      79 |       0 |   0.0 |      17 |       0 |   0.0
        D:3 |     138 |      35 |  20.2 |      27 |       1 |   3.6
            +---------+---------+-------+---------+---------+-------
